[Event "Titled Tuesday Blitz September 27 Late 2022"]
[White "Rose, Felix"]
[Black "Melikyan, Gnel"]
[WhiteFideId "5105722"]
[BlackFideId "54109990"]
[WhiteElo "2039"]
[BlackElo "1772"]
[Result "0-1"]
[Round "10"]
[TimeControl "180+1"]
[Date "2022.09.28"]
[WhiteClock "0:00:05"]
[BlackClock "0:00:10"]

1. e4 c6 2. d4 d5 3. e5 Bf5 4. h4 h5 5. Bd3 e6 6. Nf3 Nd7 7. O-O Be7 8. Bg5 Nf8 9. Re1 Nh6 10. g3 Bxg5 11. Nxg5 g6 12. Nc3 Qb6 13. Ne2 Bxd3 14. Qxd3 Nf5 15. c3 Qa6 16. Qxa6 bxa6 17. Rac1 Nh7 18. Nxh7 Rxh7 19. c4 Kd7 20. cxd5 cxd5 21. Rc5 Rhh8 22. Ra5 Rhb8 23. b3 Rb6 24. Rc1 Rc8 25. Rxc8 Kxc8 26. Kg2 Kb7 27. Kf3 Rb4 28. Ra4 Rxa4 29. bxa4 Kb6 30. Kf4 Ka5 31. Kg5 Kxa4 32. Kf6 Ka3 33. Kxf7 Kxa2 34. Kxe6 Kb2 35. Kxd5 a5 36. Kc4 a4 37. Nc3 a3 38. d5 a5 39. d6 Ng7 40. f3 Ne6 41. g4 Kc2 42. gxh5 gxh5 43. d7 Nd8 44. f4 Nf7 45. Kd4 Nd8 46. f5 Nc6+ 47. Kc5 Kxc3 48. Kxc6 a2 49. d8=Q a1=Q 50. e6 Qa4+ 51. Kb7 Qe4+ 52. Kc8 Qxf5 53. Qc7+ Kd4 54. Qd7+ Ke4 55. e7 Qc5+ 56. Kd8 Qb6+ 57. Qc7 Qd4+ 58. Kc8 Qh8+ 59. Kb7 Qb2+ 60. Qb6 Qg7 61. Qe6+ Kf4 62. Ka8 Qg2+ 63. Ka7 Qf2+ 64. Ka6 Qf1+ 65. Kb7 Qb5+ 66. Kc8 Qe8+ 67. Kc7 Kg3 0-1


[Site "https://www.chess.com"]

[Event "Titled Tuesday Blitz September 27 Late 2022"]
[White "Rosen, Eric"]
[Black "Estrada Nieto, Julian"]
[WhiteFideId "2032562"]
[BlackFideId "5101018"]
[WhiteElo "2362"]
[BlackElo "2252"]
[Result "1-0"]
[Round "10"]
[TimeControl "180+1"]
[Date "2022.09.28"]
[WhiteClock "0:00:08"]
[BlackClock "0:00:02"]

1. d4 d5 2. Bf4 Nf6 3. e3 c5 4. Nf3 Nc6 5. Nbd2 cxd4 6. exd4 Qb6 7. Nb3 Bf5 8. c3 e6 9. Bd3 Bxd3 10. Qxd3 Be7 11. O-O O-O 12. Qe2 a5 13. Nc1 a4 14. Nd3 Qa6 15. a3 Ne4 16. Rfe1 Rfe8 17. h3 h6 18. Rad1 Rac8 19. Nd2 Nxd2 20. Qxd2 Bf8 21. Re3 Ne7 22. Rde1 Nf5 23. R3e2 Bd6 24. Bxd6 Qxd6 25. Nb4 Qd7 26. Re5 Nd6 27. R5e2 Ne4 28. Qd3 Re7 29. f3 Nf6 30. Re5 Ree8 31. Qe2 Qc7 32. Qb5 Nd7 33. R5e2 Nb6 34. Re5 Red8 35. Kf2 Nc4 36. R5e2 Ra8 37. Nd3 Ra5 38. Qb4 b6 39. Ne5 Nxe5 40. dxe5 Raa8 41. Rd1 Qc5+ 42. Rd4 Rdc8 43. f4 b5 44. Qxc5 Rxc5 45. Rb4 Rac8 46. g3 g6 47. Rd2 h5 48. Ke3 Kf8 49. Rf2 Ke7 50. Rh2 Rh8 51. Kd3 Kd7 52. Rf2 Kc6 53. Rd4 Rc4 54. Ke3 Kd7 55. Rfd2 Rhc8 56. Rd1 Rxd4 57. Rxd4 Rc4 58. Rd2 Kc6 59. g4 hxg4 60. hxg4 Re4+ 61. Kf3 g5 62. fxg5 Rxe5 63. Kf4 Re4+ 64. Kg3 Re5 65. Kh4 Kd7 66. Rf2 Ke7 67. Rf4 Re3 68. Rb4 Re2 69. Rxb5 Kd6 70. Rb4 Rf2 71. Kg3 Rf1 72. Rb7 e5 73. Rb6+ Kc5 74. Rf6 Rb1 75. Rf2 e4 76. Kf4 Kc4 77. Rd2 Rf1+ 78. Ke3 Rf3+ 79. Ke2 Rg3 80. Rd4+ Kc5 81. Rxa4 Rg2+ 82. Ke3 Rxb2 83. Ra5+ Kd6 84. Ra6+ Ke5 85. Rf6 Rb3 86. Kd2 Rxa3 87. Rxf7 Ra2+ 88. Ke3 Ra3 89. g6 Rxc3+ 90. Kf2 Rc6 91. g7 Rg6 92. g5 Rxg5 93. Ra7 d4 94. Ra5+ Kf6 95. Rxg5 Kxg5 96. g8=Q+ Kf4 97. Qd8 e3+ 98. Ke2 Ke4 99. Qd7 d3+ 100. Qxd3+ Kf4 101. Qxe3+ Kf5 102. Qf3+ Ke5 103. Kf2 Kd4 104. Kg2 1-0


[Site "https://www.chess.com"]

[Event "Titled Tuesday Blitz September 27 Late 2022"]
[White "Samarth, J Rao"]
[Black "Diaz Rosas, Julio Cesar"]
[WhiteFideId "46652370"]
[BlackFideId "5105099"]
[WhiteElo "1514"]
[BlackElo "2278"]
[Result "0-1"]
[Round "10"]
[TimeControl "180+1"]
[Date "2022.09.28"]
[WhiteClock "0:00:02"]
[BlackClock "0:00:06"]

1. c4 e6 2. d4 d5 3. Nc3 Nf6 4. cxd5 exd5 5. Bg5 Nbd7 6. e3 c6 7. Qc2 Bd6 8. Bd3 Nf8 9. Nge2 Ng6 10. a3 h6 11. Bxg6 hxg5 12. Bf5 Qe7 13. Bxc8 Rxc8 14. O-O-O b5 15. Ng3 g6 16. Nxb5 Bb8 17. Kb1 Kf8 18. Nc3 Kg7 19. Na4 Bd6 20. Rc1 Bxa3 21. bxa3 Qxa3 22. Qa2 Rb8+ 23. Ka1 Qd6 24. Nc5 Rb5 25. Rb1 Rhb8 26. Rxb5 cxb5 27. h3 Qc6 28. Rb1 a5 29. Ne2 b4 30. Nc1 Ra8 31. Qa4 Qd6 32. Rxb4 Ne4 33. Rb3 Nxf2 34. Qa2 Ne4 35. Nxe4 dxe4 36. Rb5 a4 37. Rc5 Ra7 38. Qc2 a3 39. Na2 Qb6 40. Rc3 Qb5 41. Qc1 Kh6 42. Rxa3 Rb7 43. Rc3 Qe2 44. Rc2 Qd3 45. Rb2 Ra7 46. Qb1 Qxe3 47. d5 Qd4 48. Qc1 e3 49. h4 gxh4 50. Qh1 e2 51. Qe1 Re7 52. Qd2+ Qxd2 53. Rxd2 e1=Q+ 0-1


[Site "https://www.chess.com"]

[Event "Titled Tuesday Blitz September 27 Late 2022"]
[White "Saraci, Nderim"]
[Black "Sokolovsky, Yahli"]
[WhiteFideId "6351921"]
[BlackFideId "2820242"]
[WhiteElo "2553"]
[BlackElo "1920"]
[Result "0-1"]
[Round "10"]
[TimeControl "180+1"]
[Date "2022.09.27"]
[WhiteClock "0:02:13"]
[BlackClock "0:02:07"]

1. b3 e5 2. Bb2 Nc6 3. e3 d5 4. Bb5 Bd6 5. Nf3 Qe7 6. d4 e4 7. Ne5 Bd7 8. Nxd7 Qxd7 9. c4 a6 10. cxd5 axb5 11. dxc6 bxc6 12. d5 Nf6 13. dxc6 Bb4+ 14. Bc3 Bxc3+ 15. Nxc3 Qxc6 0-1


[Site "https://www.chess.com"]

[Event "Titled Tuesday Blitz September 27 Late 2022"]
[White "Sargsyan, Anna M."]
[Black "Sam, Gabriel"]
[WhiteFideId "13308130"]
[BlackFideId "75000776"]
[WhiteElo "2271"]
[BlackElo "2502"]
[Result "1-0"]
[Round "10"]
[TimeControl "180+1"]
[Date "2022.09.28"]
[WhiteClock "0:00:06"]
[BlackClock "0:00:11"]

1. d4 Nf6 2. c4 e6 3. Nf3 Bb4+ 4. Bd2 Qe7 5. g3 O-O 6. Bg2 Bxd2+ 7. Qxd2 d6 8. O-O e5 9. d5 a5 10. Nc3 Na6 11. e4 Nc5 12. Ne1 Ne8 13. Nd3 Nxd3 14. Qxd3 g6 15. f4 f5 16. Rae1 Nf6 17. fxe5 dxe5 18. h3 Bd7 19. Kh2 f4 20. gxf4 Nh5 21. f5 Qh4 22. fxg6 Nf4 23. Qg3 Qxg3+ 24. Kxg3 Rf6 25. Kh2 Rxg6 26. Rxf4 exf4 27. e5 Bf5 28. Ne2 Re8 29. Nxf4 Rg5 30. e6 Bg6 31. c5 Kf8 32. a3 Ke7 33. b4 axb4 34. axb4 Ra8 35. Re2 Ra4 36. Rd2 Be8 37. d6+ cxd6 38. cxd6+ Kd8 39. d7 Rxb4 40. Nd5 Bxd7 41. Nxb4 Rg7 42. exd7 Rxd7 43. Rxd7+ Kxd7 44. Bxb7 Kc7 45. Be4 h6 46. Kg3 Kd6 47. Nd3 Ke7 48. Kg4 Kf8 49. Kh5 Kg7 50. Bf3 Kh8 51. Kxh6 Kg8 52. Nf4 Kh8 53. Ng6+ Kg8 54. Bd5# 1-0


[Site "https://www.chess.com"]

[Event "Titled Tuesday Blitz September 27 Late 2022"]
[White "Siddharth, Jagadeesh"]
[Black "Nogerbek, Kazybek"]
[WhiteFideId "5818320"]
[BlackFideId "13710427"]
[WhiteElo "2165"]
[BlackElo "2458"]
[Result "0-1"]
[Round "10"]
[TimeControl "180+1"]
[Date "2022.09.27"]
[WhiteClock "0:00:03"]
[BlackClock "0:00:04"]

1. d4 Nf6 2. c4 g6 3. Nc3 Bg7 4. e4 d6 5. Be2 O-O 6. Be3 c5 7. d5 e6 8. Nf3 exd5 9. cxd5 Bg4 10. Nd2 Bxe2 11. Qxe2 Nbd7 12. O-O a6 13. a4 Re8 14. h3 Nh5 15. g4 Nhf6 16. Bf4 Ne5 17. a5 h5 18. f3 b5 19. axb6 Qxb6 20. Bxe5 dxe5 21. Nc4 Qc7 22. Qe3 hxg4 23. hxg4 Rab8 24. Rxa6 Rb4 25. Rc6 Qd7 26. Qxc5 Bf8 27. Qf2 Nh7 28. Kg2 Ng5 29. Rh1 Bg7 30. Qc5 Reb8 31. Rc7 Qd8 32. Rc6 Qd7 33. Kg3 Rb3 34. Rc7 Qd8 35. Qe7 Bf8 36. Qxd8 Rxd8 37. Rc6 Bb4 38. Rc1 Kg7 39. Rb6 Rh8 40. Kg2 Nh3 41. Ne2 Ng5 42. Ng3 Rh3 43. Rc2 Rxf3 44. Nf1 Bc5 45. Rb5 Bd4 46. Ncd2 Rf4 47. Nb3 Rxg4+ 48. Ng3 Rgxg3+ 49. Kf1 Rg1+ 50. Ke2 Rg2+ 51. Kf1 Rxc2 52. Nxd4 Rh1# 0-1


[Site "https://www.chess.com"]

[Event "Titled Tuesday Blitz September 27 Late 2022"]
[White "Sonnenschein, Philipp"]
[Black "Howell, David W L"]
[WhiteFideId "16250877"]
[BlackFideId "410608"]
[WhiteElo "2225"]
[BlackElo "2559"]
[Result "0-1"]
[Round "10"]
[TimeControl "180+1"]
[Date "2022.09.28"]
[WhiteClock "0:00:03"]
[BlackClock "0:00:08"]

1. e4 c5 2. Nf3 d6 3. d4 cxd4 4. Nxd4 Nf6 5. Nc3 Nc6 6. Bg5 g6 7. Bxf6 exf6 8. Bc4 Bg7 9. O-O O-O 10. Ndb5 f5 11. exf5 Bxf5 12. Nxd6 Bxc3 13. Nxf5 Bxb2 14. Nh6+ Kg7 15. Rb1 Kxh6 16. Rxb2 Qxd1 17. Rxd1 Rad8 18. Rxd8 Rxd8 19. Kf1 Ne5 20. Be2 b6 21. Ke1 Kg5 22. g3 Kf6 23. f4 Nc6 24. c3 Na5 25. Rb4 h6 26. Rd4 Rxd4 27. cxd4 Nc6 28. d5 Nd4 29. Bc4 Nf5 30. Kd2 Ke7 31. Kc3 Kd6 32. Kd3 f6 33. Ke4 Kc5 34. Bb3 Nd6+ 35. Kd3 b5 36. g4 g5 37. fxg5 hxg5 38. Ke3 a5 39. a3 a4 40. Ba2 b4 41. axb4+ Kxb4 42. Kd4 Nb5+ 43. Kd3 Kc5 44. Bc4 a3 45. Ba2 Kb4 46. Ke3 Kc3 47. Ke4 Nd6+ 48. Ke3 Kb2 49. Kd4 Kxa2 0-1


[Site "https://www.chess.com"]

[Event "Titled Tuesday Blitz September 27 Late 2022"]
[White "Svane, Rasmus"]
[Black "Boros, Denes"]
[WhiteFideId "4657101"]
[BlackFideId "722340"]
[WhiteElo "2674"]
[BlackElo "2464"]
[Result "1-0"]
[Round "10"]
[TimeControl "180+1"]
[Date "2022.09.27"]
[WhiteClock "0:00:07"]
[BlackClock "0:00:07"]

1. Nf3 g6 2. e4 d5 3. exd5 Qxd5 4. Nc3 Qd6 5. d4 Nf6 6. g3 Bg4 7. h3 Qe6+ 8. Be3 Bxf3 9. Qxf3 c6 10. O-O-O Bg7 11. h4 Qg4 12. Qg2 Nbd7 13. Be2 Qe6 14. h5 gxh5 15. Bxh5 Nb6 16. Kb1 Nbd5 17. Nxd5 cxd5 18. Bf3 a5 19. Bf4 a4 20. Rhe1 Qc6 21. a3 b5 22. Bd2 Rc8 23. Bb4 e6 24. c3 Bf8 25. Bxf8 Kxf8 26. g4 Rg8 27. Qh2 Rg7 28. g5 Ne8 29. Bg4 Qd6 30. f4 Rxg5 31. Rg1 Rg7 32. Be2 Rxg1 33. Rxg1 Ke7 34. Bxb5 Rb8 35. Bxe8 Rxe8 36. Qh4+ Kd7 37. Rg7 Re7 38. Rxh7 Qa6 39. Qh3 Qe2 40. Qh1 Kc6 41. Ka1 Qf2 42. Rh4 Re8 43. Rh2 Qxf4 44. Re2 Rg8 45. Qd1 Kb5 46. Qd3+ Ka5 47. Re1 Rg2 48. c4 Qd2 49. Qxd2+ Rxd2 50. cxd5 exd5 51. Re7 Kb5 52. Rxf7 Kc4 53. Ra7 Kb3 54. Rb7+ Kc2 55. Rb4 Rd1+ 56. Ka2 Rd3 57. Rxa4 Kc1 58. Rb4 Kc2 59. a4 Re3 60. a5 Re6 61. Ka3 Kd3 62. Ka4 Re1 63. a6 Re7 64. Ka5 Ra7 65. Kb6 Ra8 66. a7 1-0


[Site "https://www.chess.com"]

[Event "Titled Tuesday Blitz September 27 Late 2022"]
[White "Timmermans, Mark"]
[Black "Gunduz, Umut Erdem"]
[WhiteFideId "1026399"]
[BlackFideId "6381383"]
[WhiteElo "2460"]
[BlackElo "2029"]
[Result "1-0"]
[Round "10"]
[TimeControl "180+1"]
[Date "2022.09.27"]
[WhiteClock "0:01:12"]
[BlackClock "0:00:15"]

1. Nf3 Nf6 2. c4 e6 3. b3 d5 4. e3 Be7 5. Bb2 O-O 6. Qc2 a5 7. g4 a4 8. g5 Ne4 9. h4 Nd7 10. Be2 c6 11. d3 a3 12. Bxg7 Kxg7 13. dxe4 dxe4 14. Qxe4 Nc5 15. Qd4+ Qxd4 16. exd4 Ne4 17. Bd3 Bb4+ 18. Ke2 Nc3+ 19. Nxc3 Bxc3 20. Rad1 h6 21. gxh6+ Kxh6 22. Rhg1 Bd7 23. Ne5 Rad8 24. h5 Bxd4 25. Ng4+ Kxh5 26. Rg2 Kg5 27. f4+ Kxf4 28. Rf1+ Kg5 29. Nf6+ 1-0


[Site "https://www.chess.com"]

[Event "Titled Tuesday Blitz September 27 Late 2022"]
[White "Toniutti, Ezio"]
[Black "Barria Zuniga, Daniel"]
[WhiteFideId "113034"]
[BlackFideId "3400816"]
[WhiteElo "2215"]
[BlackElo "2414"]
[Result "0-1"]
[Round "10"]
[TimeControl "180+1"]
[Date "2022.09.28"]
[WhiteClock "0:00:08"]
[BlackClock "0:00:04"]

1. d4 g6 2. c4 Bg7 3. Nc3 c5 4. d5 Bxc3+ 5. bxc3 Qa5 6. Bd2 f5 7. h4 Nf6 8. h5 Nxh5 9. Rxh5 gxh5 10. e4 d6 11. Qxh5+ Kd8 12. Nf3 Nd7 13. Ng5 Nf6 14. Qh6 Rg8 15. Nxh7 Rh8 16. e5 Rxh7 17. Qf8+ Ne8 18. exd6 Bd7 19. Rb1 Qxa2 20. Rxb7 Qa1+ 21. Ke2 Qa6 22. Rxd7+ Kxd7 23. Qxf5+ Kd8 24. Qxh7 Nxd6 25. Qg8+ Ne8 26. Kd3 Qf6 27. Be3 Rb8 28. Be2 Qf5+ 29. Kd2 Rb2+ 30. Ke1 Rb1+ 31. Kd2 Rb2+ 32. Ke1 Qc2 33. Qg4 Qxc3+ 34. Kf1 Rb1+ 35. Bd1 Qd3+ 36. Ke1 Nd6 37. Qg8+ Kc7 38. Qg4 Qc3+ 39. Bd2 Qxc4 40. Qe6 Qe4+ 41. Qxe4 Nxe4 42. Ke2 Nxd2 43. Kxd2 Rb2+ 44. Ke3 Kd6 45. g4 a5 46. g5 Rb8 47. Ba4 Kxd5 48. f3 Ke5 49. f4+ Kf5 50. Bc2+ Kg4 51. g6 Kh5 52. Kd3 Kxg6 53. Kc4+ Kf6 54. Kxc5 Rc8+ 0-1


[Site "https://www.chess.com"]

[Event "Titled Tuesday Blitz September 27 Late 2022"]
[White "Tristan, Leonardo"]
[Black "Sernecki, Franciszek"]
[WhiteFideId "113816"]
[BlackFideId "1169297"]
[WhiteElo "2404"]
[BlackElo "2168"]
[Result "1/2-1/2"]
[Round "10"]
[TimeControl "180+1"]
[Date "2022.09.28"]
[WhiteClock "0:00:02"]
[BlackClock "0:00:05"]

1. d4 d5 2. Nf3 Bg4 3. Bf4 Bxf3 4. exf3 Nf6 5. Bd3 c5 6. O-O cxd4 7. Re1 Nc6 8. Nd2 e6 9. Nb3 Bd6 10. Qd2 O-O 11. Bg5 h6 12. Bh4 Re8 13. Bb5 e5 14. f4 Bb4 15. c3 dxc3 16. bxc3 Bd6 17. Bxf6 Qxf6 18. Qxd5 exf4 19. Rxe8+ Rxe8 20. Bxc6 bxc6 21. Qxc6 Re7 22. Rd1 Be5 23. Qa8+ Kh7 24. c4 Qe6 25. c5 Rd7 26. Qe4+ f5 27. Qb1 Rxd1+ 28. Qxd1 Kg6 29. Qc2 Kf6 30. h4 f3 31. gxf3 Qc6 32. Kg2 g5 33. hxg5+ hxg5 34. Qd3 g4 35. Qe3 gxf3+ 36. Qxf3 Qa4 37. c6 Qxa2 38. Qd5 Qc2 39. Nc5 Bf4 40. Qd8+ Kg6 41. c7 Bxc7 42. Qxc7 Qa2 43. Qd6+ Kh5 44. Ne6 a5 45. Nf4+ Kg4 46. Qd4 Kg5 47. Qe3 Kf6 48. Nd3 Qd5+ 49. f3 a4 50. Qh6+ Kf7 51. Qh7+ Kf6 52. Qh4+ Kf7 53. Nf2 a3 54. Qh7+ Kf6 55. Qh8+ Kf7 56. Qh5+ Kg7 57. Qg5+ Kf7 58. Qe3 a2 59. Qa7+ Kg6 60. Qa6+ Kg5 61. Nd3 Qxd3 62. Qxa2 Kf4 63. Qa4+ Ke3 64. Qa7+ Qd4 65. Qe7+ Kf4 66. Qh4+ Ke3 67. Qe1+ Kf4 68. Qh4+ Ke3 69. Qh6+ Ke2 70. Qe6+ Qe3 71. Qxe3+ Kxe3 72. Kg3 Ke2 73. Kf4 Kf2 74. Kg5 Kxf3 75. Kxf5 1/2-1/2


[Site "https://www.chess.com"]

[Event "Titled Tuesday Blitz September 27 Late 2022"]
[White "Vasquez Schroeder, Rodrigo"]
[Black "Bluebaum, Matthias"]
[WhiteFideId "3400042"]
[BlackFideId "24651516"]
[WhiteElo "2577"]
[BlackElo "2633"]
[Result "1-0"]
[Round "10"]
[TimeControl "180+1"]
[Date "2022.09.27"]
[WhiteClock "0:00:51"]
[BlackClock "0:00:39"]

1. d4 Nf6 2. Nf3 d5 3. c4 e6 4. Nc3 Bb4 5. Qa4+ Nc6 6. e3 O-O 7. Qc2 Ne7 8. a3 Bxc3+ 9. Qxc3 b6 10. b3 a5 11. a4 Bb7 12. Ba3 Rc8 13. c5 Ne4 14. Qc2 Nc6 15. Bd3 Nb4 16. Bxb4 axb4 17. c6 Ba8 18. Bxe4 dxe4 19. Qxe4 Qd5 20. Qxd5 exd5 21. Rc1 Rfe8 22. Ne5 Re6 23. Kd2 f6 24. Nd3 Bxc6 25. Nxb4 Bb7 26. Nd3 g5 27. h4 h6 28. hxg5 hxg5 29. Rh6 Kf7 30. Rxc7+ Rxc7 31. Rh7+ Ke8 32. Rxc7 Ba6 33. Nb4 Bf1 34. g3 Rd6 35. Rc6 Kd7 36. Rxd6+ Kxd6 37. f3 Bh3 38. g4 f5 39. gxf5 Bxf5 40. Nd3 Kc6 41. Ne5+ Kc7 42. Kc3 Kb7 43. Kb4 Ka6 44. Kc3 Kb7 45. Nf7 g4 46. Nd6+ Ka6 47. Nxf5 gxf3 48. Ng3 f2 49. Nf1 Ka5 50. Nd2 b5 51. axb5 Kxb5 52. Kd3 Kb4 53. Ke2 Kc3 54. Kxf2 Kxd2 55. b4 Kd3 56. b5 Kd2 57. b6 Kd3 58. b7 Kd2 59. b8=Q 1-0


[Site "https://www.chess.com"]

[Event "Titled Tuesday Blitz September 27 Late 2022"]
[White "Wagner, Dennis"]
[Black "Thomforde-Toates, Noah"]
[WhiteFideId "24650684"]
[BlackFideId "30951992"]
[WhiteElo "2355"]
[BlackElo "2601"]
[Result "1-0"]
[Round "10"]
[TimeControl "180+1"]
[Date "2022.09.27"]
[WhiteClock "0:00:06"]
[BlackClock "0:00:02"]

1. e4 c5 2. Nf3 g6 3. c3 Bg7 4. d4 cxd4 5. cxd4 Nf6 6. Bd3 d5 7. e5 Ne4 8. Nbd2 Bf5 9. Qe2 Nxd2 10. Bxd2 Bxd3 11. Qxd3 Nc6 12. O-O e6 13. a4 O-O 14. a5 a6 15. Bg5 Qd7 16. Qd2 Rac8 17. h4 h5 18. Bf6 Ne7 19. Bxe7 Qxe7 20. Rfc1 Rfd8 21. g3 Bf8 22. Rxc8 Rxc8 23. Rc1 Rxc1+ 24. Qxc1 Qd8 25. Qc3 Qd7 26. Ne1 Qb5 27. Nd3 Qc4 28. Qxc4 dxc4 29. Nc5 Bxc5 30. dxc5 Kf8 31. Kg2 Ke8 32. Kf3 Kd7 33. g4 hxg4+ 34. Kxg4 Kc6 35. Kg5 Kxc5 36. Kf6 Kb4 37. Kxf7 Kb3 38. Kxg6 Kxb2 39. h5 c3 40. h6 c2 41. h7 c1=Q 42. h8=Q Qf4 43. Qf6 Qg4+ 44. Kf7 Qa4 45. Kxe6 Qxa5 46. Kf5 Qd2 47. e6+ Kb1 48. f4 a5 49. e7 Qd7+ 50. Qe6 Qe8 51. Ke5 a4 52. f5 a3 53. Qb3+ Kc1 54. Qxa3+ Kd1 55. Qd3+ Ke1 56. Qe4+ Kf1 57. Kf4 Kf2 58. f6 Qb8+ 59. Qe5 Qe8 60. Qe3+ Kg2 61. Qf3+ Kg1 62. Qg4+ Kh2 63. Qe6 Qa4+ 64. Kf5 Qb5+ 65. Qe5+ Qxe5+ 66. Kxe5 1-0


[Site "https://www.chess.com"]

[Event "Titled Tuesday Blitz September 27 Late 2022"]
[White "Wieczorek, Oskar"]
[Black "Martinez Alcantara, Jose Eduardo"]
[WhiteFideId "1133950"]
[BlackFideId "3805662"]
[WhiteElo "2302"]
[BlackElo "2703"]
[Result "0-1"]
[Round "10"]
[TimeControl "180+1"]
[Date "2022.09.27"]
[WhiteClock "0:00:02"]
[BlackClock "0:01:05"]

1. e4 Nc6 2. Nf3 d6 3. d4 Nf6 4. Nc3 g6 5. Be2 Bg7 6. O-O O-O 7. d5 Nb8 8. Re1 a6 9. a4 e5 10. Bg5 h6 11. Bh4 Qe8 12. Nd2 Nbd7 13. b4 Nh7 14. a5 Bf6 15. Bg3 h5 16. h3 Bg5 17. Nc4 Qe7 18. b5 Bf4 19. Bxf4 exf4 20. Qd2 Qf6 21. e5 dxe5 22. b6 cxb6 23. Ne4 Qd8 24. axb6 Nhf6 25. Nxf6+ Qxf6 26. d6 e4 27. Bf1 Re8 28. Qd5 Re6 29. Rad1 a5 30. Rxe4 a4 31. Rde1 Nf8 32. Qc5 Bd7 33. Qc7 Rxe4 34. Rxe4 a3 35. Nxa3 Rxa3 36. Re7 Ra1 37. Rxd7 Nxd7 38. Qxd7 Qe6 39. Qxb7 Qxd6 40. Qc8+ Kg7 41. b7 Rb1 42. Qc3+ Qf6 43. Qf3 Qa1 44. Qe2 Rxb7 45. c4 Rb1 46. c5 Rc1 47. Qb5 Qc3 0-1


[Site "https://www.chess.com"]

[Event "Titled Tuesday Blitz September 27 Late 2022"]
[White "Yanchenko, Roman"]
[Black "Fernandez De La Vara, Arnaldo"]
[WhiteFideId "4137329"]
[BlackFideId "3518388"]
[WhiteElo "2514"]
[BlackElo "2387"]
[Result "0-1"]
[Round "10"]
[TimeControl "180+1"]
[Date "2022.09.27"]
[WhiteClock "0:00:19"]
[BlackClock "0:00:11"]

1. d4 c5 2. c3 Nf6 3. Bf4 g6 4. e3 Bg7 5. Nd2 O-O 6. Ngf3 Nc6 7. Be2 Nh5 8. Bg5 h6 9. Bh4 g5 10. Bg3 d5 11. dxc5 a5 12. Nd4 Nxg3 13. hxg3 e5 14. Nb5 b6 15. cxb6 Qxb6 16. a4 f5 17. Qb3 Be6 18. O-O Rab8 19. Rad1 Kh8 20. e4 fxe4 21. Nxe4 Ne7 22. Nd2 e4 23. Qa3 Nf5 24. Kh2 e3 25. fxe3 Qxe3 26. Bf3 Be5 27. c4 Bxg3+ 28. Kh1 Qf4 29. Kg1 Qh4 30. Rfe1 Bxe1 31. cxd5 Bf2+ 32. Kf1 Ne3+ 33. Ke2 Nxd1 34. dxe6 g4 35. Bc6 Qf6 36. Kxd1 Qxe6 37. Qc3+ Qf6 38. Ne4 Qxc3 39. bxc3 h5 40. c4 h4 41. Bd7 Rf4 42. Nbd6 Rd8 43. Bc6 Rxe4 44. Bxe4 Rxd6+ 45. Ke2 Bc5 46. Bf5 Rd4 47. Be6 Kg7 48. Bf5 Kf6 49. Bc8 Ke5 50. Ba6 Kf4 51. Bc8 Kg3 52. Be6 Re4+ 53. Kd3 Rxe6 0-1


[Site "https://www.chess.com"]

[Event "Titled Tuesday Blitz September 27 Late 2022"]
[White "Yoo, Christopher Woojin"]
[Black "Averjanov, Alexey"]
[WhiteFideId "30909694"]
[BlackFideId "14109867"]
[WhiteElo "2105"]
[BlackElo "2695"]
[Result "1-0"]
[Round "10"]
[TimeControl "180+1"]
[Date "2022.09.27"]
[WhiteClock "0:00:44"]
[BlackClock "0:01:51"]

1. d4 d5 2. Nf3 Nf6 3. Bf4 e6 4. e3 c5 5. Nbd2 Bd6 6. Bg3 Qc7 7. dxc5 Qxc5 8. c4 dxc4 9. Nxc4 Bxg3 10. hxg3 O-O 11. Qd6 Qxd6 12. Nxd6 Nc6 13. Bb5 Rd8 14. Rd1 Ne7 15. Ne5 a6 16. Be2 Rf8 17. e4 Rb8 18. g4 Ng6 19. Nxg6 hxg6 20. Rd3 Bd7 21. Rdh3 1-0


[Site "https://www.chess.com"]

[Event "Titled Tuesday Blitz September 27 Late 2022"]
[White "Al-Tarboush, Ward"]
[Black "Arnold, Ken"]
[WhiteFideId "7601450"]
[BlackFideId "2056836"]
[WhiteElo "2234"]
[BlackElo "2404"]
[Result "1-0"]
[Round "11"]
[TimeControl "180+1"]
[Date "2022.09.28"]
[WhiteClock "0:00:05"]
[BlackClock "0:00:01"]

1. e4 c6 2. Nf3 d5 3. Nc3 Bg4 4. h3 Bxf3 5. Qxf3 e6 6. d3 Nf6 7. Bd2 Nbd7 8. g4 dxe4 9. dxe4 h6 10. O-O-O Qc7 11. h4 Rc8 12. g5 Ne5 13. Qg3 hxg5 14. f4 gxf4 15. Bxf4 Nh5 16. Bxe5 Nxg3 17. Bxc7 Nxh1 18. Bf4 Rxh4 19. Be3 Bb4 20. Bd3 Bxc3 21. bxc3 e5 22. Rg1 Rh2 23. Rxg7 Nf2 24. Bc4 Rc7 25. Rg8+ Kd7 26. Bg5 Rc8 27. Rg7 Rf8 28. Bxf7 Kd6 29. Bc4 Re8 30. Rxb7 Nxe4 31. Be3 Rh1+ 32. Kb2 Nc5 33. Rxa7 Rb8+ 34. Ka3 Rhb1 35. Ra5 Ne6 36. Bb3 Re1 37. Ba7 Ra8 38. Bc5+ Nxc5 39. Rxa8 Nxb3 40. cxb3 e4 41. Re8 e3 42. Kb4 Kd5 43. a4 c5+ 44. Kb5 e2 45. a5 Rb1 46. Rxe2 Rxb3+ 47. Ka6 Rxc3 48. Kb7 Rb3+ 49. Kc7 Ra3 50. Kb6 Kc4 51. Rc2+ Kb4 52. Rxc5 1-0


[Site "https://www.chess.com"]

[Event "Titled Tuesday Blitz September 27 Late 2022"]
[White "Averjanov, Alexey"]
[Black "Tari, Aryan"]
[WhiteFideId "14109867"]
[BlackFideId "1510045"]
[WhiteElo "2692"]
[BlackElo "2612"]
[Result "0-1"]
[Round "11"]
[TimeControl "180+1"]
[Date "2022.09.27"]
[WhiteClock "0:00:52"]
[BlackClock "0:00:18"]

1. d4 d5 2. c4 e6 3. Nf3 Nf6 4. e3 Be7 5. Nbd2 O-O 6. Bd3 dxc4 7. Nxc4 b5 8. Nce5 a6 9. O-O Bb7 10. a4 b4 11. b3 c5 12. Bb2 cxd4 13. Bxd4 Nc6 14. Nxc6 Bxc6 15. Ne5 Bb7 16. Be2 Nd5 17. Rc1 Bf6 18. Bf3 Nc3 19. Bxc3 Bxf3 20. Nxf3 bxc3 21. Nd4 Rc8 22. Qe2 Qb6 23. Rfd1 Rfd8 24. h3 g6 25. b4 Bxd4 26. exd4 Qxb4 27. Qxa6 c2 28. Rf1 Qxd4 29. Qe2 Qxa4 30. Rfe1 Qc4 31. Qe5 Rd2 32. Kh2 Rxf2 33. Re4 Qd5 34. Qg3 Qxe4 35. Qxf2 h5 36. Qf6 Qf5 37. Qd4 e5 38. Qb2 Qf4+ 39. Kh1 Qd2 40. Kh2 e4 41. Qb7 Qf4+ 42. g3 Qd2+ 0-1


[Site "https://www.chess.com"]

[Event "Titled Tuesday Blitz September 27 Late 2022"]
[White "Banzea, Alexandru-Bogdan"]
[Black "Machidon, Cristi"]
[WhiteFideId "1232622"]
[BlackFideId "13904590"]
[WhiteElo "2057"]
[BlackElo "2312"]
[Result "1-0"]
[Round "11"]
[TimeControl "180+1"]
[Date "2022.09.28"]
[WhiteClock "0:00:21"]
[BlackClock "0:00:02"]

1. d4 d5 2. Nf3 c6 3. Bf4 Nf6 4. e3 Bf5 5. c4 e6 6. Qb3 Qc8 7. Nc3 Nbd7 8. Rc1 Be7 9. cxd5 exd5 10. Nb5 O-O 11. Bd6 Qd8 12. Qa3 Re8 13. Bxe7 Qxe7 14. Qxe7 Rxe7 15. Nd6 Be4 16. Nxb7 Rb8 17. Na5 Rxb2 18. Nxc6 Re8 19. Nxa7 Rxa2 20. Nb5 Ng4 21. Be2 Bxf3 22. Bxf3 Nxf2 23. O-O Ne4 24. Nc7 Rb8 25. Nxd5 Ndf6 26. Nxf6+ Nxf6 27. Rb1 Rxb1 28. Rxb1 g6 29. e4 Rd2 30. Rb4 Kg7 31. Kf1 h5 32. Ke1 Ra2 33. e5 Nh7 34. Rb7 Ng5 35. Bd5 Ra4 36. e6 Rxd4 37. e7 1-0


[Site "https://www.chess.com"]

[Event "Titled Tuesday Blitz September 27 Late 2022"]
[White "Barria Zuniga, Daniel"]
[Black "Baskakov, Egor"]
[WhiteFideId "3400816"]
[BlackFideId "24197866"]
[WhiteElo "2414"]
[BlackElo "2211"]
[Result "0-1"]
[Round "11"]
[TimeControl "180+1"]
[Date "2022.09.28"]
[WhiteClock "0:00:02"]
[BlackClock "0:01:51"]

1. d4 Nf6 2. c4 e6 3. Nf3 d5 4. Nc3 Ne4 5. e3 f5 6. Qc2 c6 7. Bd3 Bd6 8. O-O O-O 9. Rb1 Bd7 10. b4 Be8 11. b5 Nd7 12. bxc6 bxc6 13. Rb7 Qc8 14. Rb3 g5 15. Ba3 Qc7 16. Bxd6 Qxd6 17. Bxe4 fxe4 18. Nxg5 Qe7 19. Nh3 Nb6 20. c5 Nd7 21. Rb7 e5 22. Ne2 Qf6 23. Qc3 Rd8 24. Rxa7 Bh5 25. Ng3 Bg4 26. Rxd7 exd4 27. Qxd4 Qxd4 28. exd4 Rxd7 29. f3 Bxh3 30. gxh3 Rxf3 31. Rxf3 exf3 32. Kf2 Ra7 0-1


[Site "https://www.chess.com"]